 Seeded DCSS version 0.30-a0-823-geb93a13fce (webtiles) character file.

Game seed: 20230225 (custom seed)

105 Pimp the Trooper (level 4, -9/41 HPs)
             Began as a Hill Orc Fighter on Feb 25, 2023.
             Mangled by Terence
             ... wielding a +1 heavy flail
              (14 damage)
             ... on level 3 of the Dungeon on Feb 27, 2023.
             The game lasted 00:04:45 (1218 turns).

Pimp the Trooper (Hill Orc Fighter)                 Turns: 1218, Time: 00:04:45

Health: -9/41      AC:  8    Str: 20    XL:     4   Next: 83%
Magic:  4/4        EV:  9    Int:  8    God:
Gold:   136        SH:  4    Dex: 10    Spells: 3/3 levels left

rFire   . . .      SeeInvis .    a - +1 war axe
rCold   . . .      Faith    .    c - +0 buckler
rNeg    . . .      Spirit   .    b - +1 scale mail
rPois   .          Reflect  .    (no helmet)
rElec   .          Harm     .    (no cloak)
rCorr   .          Rampage  .    (no gloves)
Will    .....                    (no boots) Stlth
                                 (no amulet)
HPRegen 0.26/turn                (no ring)
MPRegen 0.09/turn                (no ring)

@: mighty, weak-willed
A: no striking features
a: no special abilities


You were on level 3 of the Dungeon.
You visited 1 branch of the dungeon, and saw 3 of its levels.

You collected 136 gold pieces.

Inventory:

Hand Weapons
 a - a +1 war axe (weapon)
Armour
 b - a +1 scale mail (worn)
 c - a +0 buckler (worn)
Potions
 d - a potion of might
 e - a potion of mutation
 f - a potion of attraction


   Skills:
 + Level 4.5 Fighting
 + Level 3.9 Axes
 + Level 4.0 Armour
 + Level 4.1 Shields


You had 3 spell levels left.
You didn't know any spells.
Your spell library contained the following spells:

 Spells                   Type           Power      Damage    Failure   Level
 Apportation              Tloc           0%         N/A       85%         1
 Magic Dart               Conj           0%         1d3       85%         1
 Necrotise                Necr           0%         1d4       85%         1
 Summon Small Mammal      Summ           0%         N/A       85%         1
 Searing Ray              Conj           0%         2d4       94%         2
 Fulminant Prism          Conj/Hex       0%         3d5       100%        4


Dungeon Overview and Level Annotations

Branches:
Dungeon (3/15)

Altars:

Annotations:
D:3 Terence


Message History

You kill the frilled lizard!
You block the ball python's attack. The ball python constricts you.
You block the ball python's attack. The ball python constricts you.
You slash the ball python!
You kill the ball python!
You see here a ball python corpse.
Terence the Incautious comes into view.
He is wielding a +1 heavy flail.
Terence shouts!
Terence is nearby!
As you read the scroll labelled DILAPE RIATIO, it crumbles to dust.
It is a scroll of identify.
e - a potion of mutation
As you read the scroll of identify, it crumbles to dust.
f - a potion of attraction Terence drinks a potion.
Terence seems to speed up.
As you read the scroll labelled DUAPHAOREC, it crumbles to dust.
It is a scroll of enchant weapon.
Your +0 war axe glows red for a moment.
Terence hits you with a +1 heavy flail!
You barely miss Terence. You block Terence's attack.
You hit Terence.
Terence is lightly wounded.
You block Terence's attack.
You slash Terence!
Terence is heavily wounded.
You block Terence's attack. Terence hits you with a +1 heavy flail!
You hit Terence.
Terence is heavily wounded.
Terence hits you with a +1 heavy flail!
* * * LOW HITPOINT WARNING * * *
Okay, then.
As you read the scroll labelled POETSU BAULUZ, it crumbles to dust.
Magic quickly surges around you.
It was a scroll of vulnerability.
Terence misses you.
As you read the scroll labelled DAPTEM VEULIWU, it crumbles to dust.
It is a scroll of enchant armour.
Your +0 scale mail glows green for a moment.
You block Terence's attack.
You feel very mighty all of a sudden. Terence hits you with a +1 heavy flail!
You die...

#.....#.# #.....#.#
... ###.....#.##
#..# ...........
....# ..........#
.... #........#... #
####........#.##...
............@@......
##.# .##.....###..#.
.... #...#.# ##.#
##...#.# ...#####
#......# ........
#.######
.#.#...####.#####
.#.###..#.......#
.)..# #...†.....#


You could see Terence (fast, weak-willed).

Vanquished Creatures
  A jelly (D:1)
  An adder (D:2)
  A worm (D:1)
  A dart slug (D:1)
  4 bats
  8 endoplasms
  5 giant cockroaches
  2 goblins (D:2)
  4 hobgoblins (D:2)
  6 jackals
  3 quokkas
  5 ball pythons
  2 frilled lizards
  7 kobolds
  8 rats
58 creatures vanquished.

Notes
Turn   | Place    | Note
-------+----------+-------------------------------------------
     0 | D:1      | Pimp the Hill Orc Fighter began the quest for the Orb.
     0 | D:1      | Reached XP level 1. HP: 19/19 MP: 1/1
     0 | D:1      | Noticed a jelly
     1 | D:1      | Found a runed translucent door.
    11 | D:1      | Killed a jelly
    12 | D:1      | Reached XP level 2. HP: 20/27 MP: 2/2
    12 | D:1      | Reached XP level 3. HP: 25/33 MP: 3/3
   228 | D:1      | Found a faded altar of an unknown god.
   365 | D:1      | Reached XP level 4. HP: 40/40 MP: 4/4
   409 | D:1      | You fall into a shaft and drop 1 floor!
   415 | D:2      | Upgraded the game from 0.30-a0-802-gb92711bcdf to
                  | 0.30-a0-808-g6e0788376e
   425 | D:2      | Upgraded the game from 0.30-a0-808-g6e0788376e to
                  | 0.30-a0-823-geb93a13fce
  1206 | D:3      | Noticed Terence
  1218 | D:3      | Mangled by Terence

Illustrated notes

Levels and vault maps discovered:
D:1:      dpeg_arrival_caged_fury, layout_basic, shapermc_ecumenical_altar_venn,
          minmay_misc_feat_ornament
D:2:      minmay_chambers_of_twos, layout_basic, minmay_hexomino_f4
D:3:      layout_basic, kennysheep_generic_room_11, uniq_ijyb, uniq_terence,
          uniq_crazy_yiuf_cottage

Skill      XL: |  1  2  3  4 |
---------------+-------------+-----
Fighting       | 4 |  4.5
Axes           | 3 |  3.9
Shields        | 4 |  4.1
Armour         | 4 |  4.0

Action                     |  1- 3 |  4- 6 || total
---------------------------+-------+-------++-------
  Melee: War axe           |    55 |    86 ||   141
    Use: Scroll            |       |     5 ||     5
         Potion            |       |     1 ||     1
 Armour: Scale mail        |    22 |    59 ||    81
  Dodge: Dodged            |    22 |    59 ||    81
  Block: Buckler           |     8 |    29 ||    37

Table legend: (Time is in decaauts)
 A = Elapsed time spent in this place.
 B = Non-inter-level travel time spent in this place.
 C = Inter-level travel time spent in this place.
 D = Time resting spent in this place.
 E = Time spent auto-exploring this place.
 F = Levels seen in this place.
 G = Mean time per level.
                   A        B        C        D        E       F      G
               +--------+--------+--------+--------+--------+-----+--------+
         Total |   1268 |   1253 |     15 |     97 |    793 |   3 |  422.7 |
       Dungeon |   1268 |   1253 |     15 |     97 |    793 |   3 |  422.7 |
               +--------+--------+--------+--------+--------+-----+--------+

Top non-repeatable levels by time:
     D:2: 637 daAuts
     D:1: 429 daAuts
     D:3: 201 daAuts
